 Dungeon Crawl Stone Soup version 0.15.2 (webtiles) character file.

120 Huymann the Magician (level 4, -2/27 HPs)
             Began as a High Elf Fire Elementalist on Mar 18, 2015.
             Slain by Huymann's ghost (5 damage)
             ... on Level 3 of the Dungeon.
             The game lasted 00:14:58 (2578 turns).

Huymann the Magician (High Elf Fire Elementalist)   Turns: 2578, Time: 00:14:58

HP  -2/27        AC  6     Str 12      XL: 4   Next: 75%
MP  13/13        EV 13     Int 20      God:
Gold 73          SH  0     Dex 15      Spells:  4 memorised,  1 level left

rFire  . . .     SeeInvis .     g - +0 dagger
rCold  . . .     Clarity  .     a - +0 robe
rNeg   . . .     rCorr    .     (no shield)
rPois  .         rRot     .     q - +2 hat
rElec  .         Spirit   .     w - +0 cloak
SustAb .         Warding  .     o - +0 pair of gloves
rMut   .         Stasis   .     (no boots)
Gourm  .                        (no amulet)
MR     .....                    (no ring)
                                (no ring)

@: mighty, not resistant to hostile enchantments, unstealthy
A: no striking features
a: no special abilities


You were on level 3 of the Dungeon.
You were not hungry.

You visited 1 branch of the dungeon, and saw 3 of its levels.

You collected 73 gold pieces.

Inventory:

Hand weapons
 g - a +0 dagger (weapon)
Missiles
 d - 23 arrows
 j - 6 poisoned javelins (quivered)
 l - 4 curare-tipped needles
Armour
 a - a +0 robe (worn)
 o - a +0 pair of gloves (worn)
 p - a +0 helmet
 q - a +2 hat (worn)
 r - a +0 robe
 t - a +0 helmet
 w - a +0 cloak (worn)
Magical devices
 x - a wand of flame (11)
Comestibles
 c - a bread ration
 k - a meat ration
 n - 4 beef jerkies
 v - a chunk of worm flesh
 z - 2 rotting chunks of human flesh
Scrolls
 e - 3 scrolls of recharging {unknown}
 f - 2 scrolls of teleportation {unknown}
 h - a scroll of identify {unknown}
 i - 2 scrolls of fear {unknown}
 m - a scroll of immolation {unknown}
Books
 b - a book of Flames

   Spells                             Type                      Level
   *Flame Tongue                      Conjuration/Fire             1
   *Throw Flame                       Conjuration/Fire             2
   *Conjure Flame                     Conjuration/Fire             3
   *Inner Flame                       Hexes/Fire                   3
   Sticky Flame                       Conjuration/Fire             4
   Fireball                           Conjuration/Fire             5


   Skills:
 + Level 0.2 Fighting
 * Level 2.7 Dodging
 * Level 3.4 Stealth
 * Level 3.5 Spellcasting
 * Level 2.3 Conjurations
 + Level 3.5 Fire Magic


You had one spell level left.
You knew the following spells:

 Your Spells              Type           Power        Failure   Level  Hunger
a - Flame Tongue          Conj/Fire      ###..        4%          1    None
b - Conjure Flame         Conj/Fire      ###.....     14%         3    ###....
c - Inner Flame           Hex/Fire       ##......     21%         3    ###....
d - Throw Flame           Conj/Fire      ###...       10%         2    ##.....


Dungeon Overview and Level Annotations

Branches:
Dungeon (3/15)

Altars:
Ashenzari
Dithmenos
Kikubaaqudgha
The Shining One

Annotations:
D:3 Huymann's ghost, average FeCj


Message History

You feel very mighty all of a sudden.
It was a potion of might.
Drink which item? (? for menu, Esc to quit)
You feel refreshed.
It was a potion of restore abilities.
Huymann's ghost makes a sound of rattling chains.
You feel less confused.
Huymann's ghost hits you but does no damage.
Huymann's ghost barely misses you.
Huymann's ghost gestures at you while chanting.
The spray of energy misses you.
Huymann's ghost points at you and mumbles some strange words.
The spray of energy hits you!
* * * LOW HITPOINT WARNING * * *
Huymann's ghost gestures at you while chanting.
The spray of energy hits you!
You are confused.
Ouch! You feel less confused. Huymann's ghost hits you.
You die...

.............##..............
###...##..................#
.##...##...............<..#
..........................#
.##...##..................#
##.......................#
.......................##.#
.##.####...#.###W..>...##.#####..
#... #...#.# #@........).......
#.##.#####.###..#######.##.##..
.............................
................#####.##.##..
...........(....#####........
##.##........................ #
#.#..###..##.####.##.###.
#.##.#..###..##.####........
#.......................####


You could see Huymann's ghost.

Vanquished Creatures
  Terence (D:3)
  2 gnolls (D:1)
  3 adders (D:2)
  A giant mite (D:2)
  2 worms
  2 giant geckos (D:1)
  An ooze (D:1)
  A ball python (D:1)
  6 bats (D:1)
  A giant cockroach (D:2)
  6 hobgoblins
  3 giant newts
  3 goblins
  7 kobolds
  7 rats
46 creatures vanquished.

Notes
Turn   | Place    | Note
--------------------------------------------------------------
     0 | D:1      | Huymann, the High Elf Fire Elementalist, began the quest for the Orb.
     0 | D:1      | Reached XP level 1. HP: 11/11 MP: 4/4
    10 | D:1      | Reached XP level 2. HP: 17/17 MP: 1/6
   103 | D:1      | Found a shattered altar of Ashenzari.
   724 | D:1      | Reached XP level 3. HP: 21/21 MP: 6/9
   957 | D:1      | Learned a level 3 spell: Conjure Flame
   961 | D:1      | Learned a level 3 spell: Inner Flame
  1605 | D:2      | Reached XP level 4. HP: 16/27 MP: 4/12
  1833 | D:2      | Found a shadowy altar of Dithmenos.
  1952 | D:2      | Found a glowing golden altar of the Shining One.
  1963 | D:2      | Found an ancient bone altar of Kikubaaqudgha.
  2239 | D:3      | Noticed Terence
  2245 | D:2      | Learned a level 2 spell: Throw Flame
  2264 | D:3      | Killed Terence
  2554 | D:3      | Noticed Huymann's ghost (average FeCj)
  2578 | D:3      | Slain by Huymann's ghost

Action                   |  1- 3 |  4- 6 || total
-------------------------+-------+-------++-------
Melee: Dagger            |     7 |     5 ||    12
 Cast: Flame Tongue      |    50 |    36 ||    86
       Conjure Flame     |     4 |     1 ||     5
  Use: Potion            |       |     2 ||     2
 Stab: Sleeping          |     2 |     1 ||     3
  Eat: Chunk             |     2 |     3 ||     5
